 Dungeon Crawl Stone Soup version 0.25-a0-733-gf7d8cd8a05 (webtiles) character file.

Game seed: 16985653653022120379, levelgen mode: deterministic

364 theanonym the Cleaver (level 6, -1/51 HPs)
             Began as a Hill Orc Fighter on Apr 9, 2020.
             Was an Initiate of Zin.
             Killed by divine providence
             ... invoked by an orc priest
              (13 damage)
             ... on level 4 of the Dungeon.
             The game lasted 00:02:53 (2212 turns).

theanonym the Cleaver (Hill Orc Fighter)            Turns: 2212, Time: 00:02:53

Health: -1/51      AC:  6    Str: 21    XL:     6   Next: 67%
Magic:  6/6        EV:  7    Int:  8    God:    Zin [......]
Gold:   79         SH:  9    Dex: 10    Spells: 5/5 levels left

rFire    . . .     SeeInvis .   g - +1 war axe (vorpal)
rCold    . . .     Gourm    .   c - +0 kite shield
rNeg     . . .     Faith    .   b - +0 scale mail
rPois    .         Spirit   .   (no helmet)
rElec    .         Reflect  .   (no cloak)
rCorr    .         Harm     .   (no gloves)
MR       .....                  (no boots)
Stlth    ..........             (no amulet)
HPRegen  0.17/turn              f - ring of flight
MPRegen  0.10/turn              (no ring)

@: very slightly contaminated
A: no striking features
a: Donate Gold, Renounce Religion, Convert to Beogh, Evoke Flight


   Skills:
 - Level 3.6 Fighting
 + Level 9.1 Axes
 - Level 3.2 Armour
 - Level 3.2 Shields


You had 5 spell levels left.
You didn't know any spells.
Your spell library was empty.

Skill      XL: |  1  2  3  4  5  6 |
---------------+-------------------+-----
Axes           | 3 4 5 7 8 9 |  9.1
Fighting       | |  3.6
Armour         | |  3.2
Shields        | |  3.2

Action                   |  1- 3 |  4- 6 || total
-------------------------+-------+-------++-------
Melee: War axe           |   100 |   104 ||   204
  Use: Scroll            |       |     4 ||     4
       Potion            |       |     3 ||     3
 Stab: Invisible         |       |     2 ||     2
  Eat: Chunk             |       |     3 ||     3
       Ration            |       |     1 ||     1
Armor: Scale mail        |    41 |    40 ||    81
Dodge: Dodged            |    29 |    33 ||    62
Block: Kite shield       |    57 |    47 ||   104

Inventory:

Hand Weapons
 a - a +0 war axe
 g - a +1 vorpal war axe (weapon)
Armour
 b - a +0 scale mail (worn)
 c - a +0 kite shield (worn)
Jewellery
 f - a ring of flight (left hand)
Scrolls
 d - 2 scrolls of random uselessness {unknown}
 n - 3 scrolls of remove curse
 o - a scroll of blinking {unknown}
 q - 2 scrolls of teleportation {unknown}
 s - 2 scrolls of fear {unknown}
 v - 2 scrolls of amnesia {unknown}
 x - a scroll of enchant armour {unknown}
Potions
 j - a potion of magic {unknown}
 k - a potion of heal wounds {unknown}
 l - a potion of stabbing {unknown}
 p - 2 potions of flight {unknown}
 t - a potion of lignification {unknown}
 w - 5 potions of curing
Comestibles
 e - 2 rations
 h - a chunk of flesh


You were on level 4 of the Dungeon.
You worshipped Zin.
Zin was noncommittal.
You were not hungry.

You visited 2 branches of the dungeon, and saw 5 of its levels.

You collected 87 gold pieces.
You donated 8 gold pieces to Zin.

Dungeon Overview and Level Annotations

Branches:
Dungeon (4/15)             Temple (1/1) D:4

Altars:
Cheibriados
Elyvilon
Fedhas
Hepliaklqana
Makhleb
Nemelex Xobeh
Okawaru
Qazlal
Ru
Trog
Uskayaw
Vehumet
Wu Jian
Xom
Zin
The Shining One

##..########'###
##..########.#######
..............#....#
....(.........#....#
..............#....#
##.###.###...##.^.#
## #.
#.###...##...#..#..
..
..........)o.......
...
........)..†@.......
##
###+####..###o...##..
#..# #....# .....
........ ......
..<......
..#######....#### ..
#....# ......


You could see 2 orc priests.

Notes
Turn   | Place    | Note
-------+----------+-------------------------------------------
     0 | D:1      | theanonym the Hill Orc Fighter began the quest for the Orb.
     0 | D:1      | Reached XP level 1. HP: 19/19 MP: 1/1
    91 | D:1      | Reached skill level 3 in Axes
   190 | D:1      | Reached XP level 2. HP: 26/26 MP: 2/2
   341 | D:1      | Reached skill level 4 in Axes
   609 | D:2      | Reached XP level 3. HP: 29/31 MP: 3/3
   666 | D:2      | Reached skill level 5 in Axes
  1076 | D:2      | Reached XP level 4. HP: 35/39 MP: 4/4
  1399 | D:3      | Reached skill level 6 in Axes
  1527 | D:3      | Reached skill level 7 in Axes
  1527 | D:3      | Reached XP level 5. HP: 35/45 MP: 5/5
  1954 | D:4      | Found a staircase to the Ecumenical Temple.
  1954 | D:4      | Noticed Menkaure
  1961 | Temple   | Entered the Ecumenical Temple
  2093 | Temple   | Became a worshipper of Zin the Law-Giver
  2122 | D:4      | Killed Menkaure
  2122 | D:4      | Reached skill level 8 in Axes
  2122 | D:4      | Reached XP level 6. HP: 42/51 MP: 6/6
  2207 | D:4      | HP: 20/51 [something/magic dart (7)]
  2211 | D:4      | Reached skill level 9 in Axes
  2212 | D:4      | Killed from afar by an orc priest

Vanquished Creatures
  Menkaure (D:4)
  A hound (D:4)
  An orc priest (D:3)
  3 orc wizards
  A worker ant (D:4)
  2 adders (D:2)
  A worm (D:2)
  2 dart slugs
  2 leopard geckos (D:2)
  12 orcs
  3 giant cockroaches
  A goblin (D:1)
  4 hobgoblins
  11 jackals
  4 kobolds
  6 quokkas
  4 bats
  4 frilled lizards
  3 rats
66 creatures vanquished.

Table legend:
 A = Turns spent in this place as a percentage of turns spent in the entire game.
 B = Non-inter-level travel turns spent in this place as a percentage of non-inter-level travel turns spent in the entire game.
 C = Inter-level travel turns spent in this place as a percentage of turns spent in this place.
 D = Turns resting spent in this place as a percentage of non-inter-level travel turns spent in this place.
 E = Turns spent auto-exploring this place as a percentage of non-inter-level travel turns spent in this place.
 F = Non-inter-level travel turns spent in this place divided by the number of levels of this place that you've seen.
                   A       B       C       D       E      F
               +-------+-------+-------+-------+-------+----------------------
         Total | 100.0 | 100.0 |   6.2 |   6.5 |  76.2 | 414.8
       Dungeon |  93.0 |  94.1 |   5.2 |   6.9 |  75.2 | 487.8
        Temple |   7.0 |   5.9 |  20.1 |   0.0 |  91.9 | 123.0
               +-------+-------+-------+-------+-------+----------------------
